 Dungeon Crawl Stone Soup version 0.31-a0-198-g2ad674f65e (webtiles) character file.

Game seed: 12137852843954931913

150 qw the Skirmisher (level 5, -2/29 HPs)
             Began as a Deep Elf Hunter on June 25, 2023.
             Was an Initiate of Okawaru.
             Slain by a phantom (7 damage)
             ... on level 3 of the Dungeon.
             The game lasted 00:00:49 (1988 turns).

qw the Skirmisher (Deep Elf Hunter)                 Turns: 1988, Time: 00:00:50

Health: -2/29      AC:  5    Str:  7 (10) XL:     5   Next: 10%
Magic:  7/7        EV: 10    Int: 11 (14) God:    Okawaru [......]
Gold:   171        SH:  0    Dex: 17 (18) Spells: 4/4 levels left

rFire   . . .        Y - +1 shortbow (flame)
rCold   . . .        (shield currently unavailable)
rNeg    . . .        a - +0 ring mail
rPois   .            (no helmet)
rElec   .            (no cloak)
rCorr   .            (no gloves)
SInv    .            (no boots)
Will    .....        (no amulet)
Stlth   +            (no ring)
HPRegen 0.24/turn    (no ring)
MPRegen 0.10/turn

%: no passive effects
@: no status effects
A: no striking features
a: Renounce Religion


You were on level 3 of the Dungeon.
You worshipped Okawaru.
Okawaru was noncommittal.
You visited 1 branch of the dungeon, and saw 3 of its levels.

You collected 171 gold pieces.


   Skills:
 - Level 1.5 Fighting
 + Level 8.5 Ranged Weapons
 - Level 2.4 Dodging
 - Level 1.2 Stealth


You had 4 spell levels left.
You didn't know any spells.
Your spell library was empty.

Inventory:

Hand Weapons
 Y - a +1 shortbow of flaming (weapon)
Armour
 a - a +0 ring mail (worn)
Scrolls
 b - a scroll of identify {unknown}
Potions
 e - 2 potions of curing
 h - a potion of lignification {unknown}
 i - a potion of ambrosia {unknown}
 j - a potion of might {unknown}

Dungeon Overview and Level Annotations

Branches:
Dungeon (3/15)

Altars:
Cheibriados
Fedhas
Okawaru
Zin


Message History

There is a stone staircase leading up here.
A phantom comes into view.
There is a stone staircase leading up here.
Enter note:
Enter note:
Enter note:
Enter note: You shoot an arrow.
The arrow hits the phantom.
The arrow burns the phantom.
The phantom is lightly damaged.
You shoot an arrow. The arrow closely misses the phantom.
You shoot an arrow. The arrow hits the phantom.
The arrow burns the phantom.
The phantom is lightly damaged.
You shoot an arrow. The arrow hits the phantom.
The arrow burns the phantom.
The phantom is moderately damaged.
You shoot an arrow. The arrow misses the phantom.
The phantom hits you.
The phantom blinks!
You blink.
The phantom hits you!
You shoot an arrow. The arrow hits the phantom.
The arrow burns the phantom.
The phantom is heavily damaged.
The phantom hits you.
You shoot an arrow. The arrow misses the phantom.
The phantom hits you.
The phantom blinks!
You blink.
Enter note:
Enter note:
Enter note:
Enter note: You shoot an arrow.
The arrow barely misses the phantom.
The phantom closely misses you.
You shoot an arrow. The arrow hits the phantom.
The arrow burns the phantom.
The phantom is heavily damaged.
The phantom hits you!
You shoot an arrow.
The arrow hits the phantom but does no damage.
The phantom is heavily damaged.
The phantom hits you.
You shoot an arrow. The arrow closely misses the phantom.
The phantom hits you but does no damage.
You shoot an arrow. The arrow hits the phantom.
The arrow burns the phantom.
The phantom is almost destroyed.
The phantom hits you.
The phantom blinks!
You blink.
The phantom hits you!
You die...

..........#.# #.##..#
##....###...#### #.....#
.##............#####.....#
.....######..PP..##......#
##...## #...7...#.......#+##
###>..####.P7_P.P............
####..!....P7...P............
#.8...........7P)............
.%..######....P.@%...........
.!).# #.....W.............
#.8## #....../............
#_########'#...%.....###.....
###..+.....#.........# ##..#
#...#.###.#.......¤.## ...
#...#.# #.#(#.....¤..# ..
#...#.###.###..#####...#
#...#.....'...## ...#


You could see a phantom.

Vanquished Creatures
  An orc wizard (D:3)
  5 adders
  3 orcs (D:3)
  7 ball pythons
  3 bats
  6 endoplasms
  3 giant cockroaches (D:1)
  11 goblins
  5 hobgoblins
  6 jackals (D:2)
  5 kobolds
  4 quokkas
  6 frilled lizards
  7 rats
72 creatures vanquished.

Notes
Turn   | Place    | Note
-------+----------+-------------------------------------------
     0 | D:1      | qw the Deep Elf Hunter began the quest for the Orb.
     0 | D:1      | Reached XP level 1. HP: 12/12 MP: 3/3
     0 | D:1      | 0 ||| qw: Version: 0.3-a-22-g0ed2b0b
     0 | D:1      | 0 ||| qw: Game counter: 5065
     0 | D:1      | 0 ||| qw: Melee chars always use a shield: true
     0 | D:1      | 0 ||| qw: God list: Okawaru
     0 | D:1      | 0 ||| qw: Allow faded altars: false
     0 | D:1      | 0 ||| qw: Do Orc after clearing Dungeon:15 true
     0 | D:1      | 0 ||| qw: Do second Lair branch before Depths: true
     0 | D:1      | 0 ||| qw: Lair rune preference: random
     0 | D:1      | 0 ||| qw: Goals: Normal
     0 | D:1      | 0 ||| PLANNING D:1-11
    91 | D:1      | Reached skill level 6 in Ranged Weapons
    91 | D:1      | Reached XP level 2. HP: 16/16 MP: 4/4
   154 | D:1      | 154 ||| FLEEEEING.
   309 | D:1      | Reached XP level 3. HP: 20/20 MP: 5/5
   771 | D:1      | 771 ||| UPGRADING to +0 scale mail.
   781 | D:1      | 781 ||| DROPPING +0 leather armour.
   782 | D:1      | 782 ||| READING scroll labelled XENI HOESY.
   783 | D:1      | 783 ||| READING scroll labelled UMAOTI JESKEM.
   784 | D:1      | 784 ||| DRINKING 2 ruby potions.
   785 | D:1      | 785 ||| DRINKING 2 silvery potions.
   786 | D:1      | 786 ||| DROPPING scroll of butterflies.
   787 | D:1      | 787 ||| DROPPING potion of attraction.
   823 | D:2      | Reached skill level 7 in Ranged Weapons
  1042 | D:2      | Reached XP level 4. HP: 25/25 MP: 6/6
  1628 | D:2      | 1628 ||| UPGRADING to +0 ring mail.
  1638 | D:2      | 1638 ||| DROPPING +0 scale mail.
  1639 | D:2      | 1639 ||| READING 2 scrolls labelled XYWNAWNEVEITT.
  1640 | D:2      | 1640 ||| READING scroll labelled OSAEQA XYCE.
  1641 | D:2      | 1641 ||| READING scroll labelled NIOTTU XUQIMM.
  1642 | D:2      | 1642 ||| DROPPING scroll of blinking.
  1666 | D:3      | Found a faded altar of an unknown god.
  1734 | D:3      | Found a snail-covered altar of Cheibriados.
  1739 | D:3      | Reached skill level 8 in Ranged Weapons
  1790 | D:3      | Reached XP level 5. HP: 29/29 MP: 7/7
  1851 | D:3      | Found a blossoming altar of Fedhas.
  1855 | D:3      | 1855 ||| DRINKING 2 smoky purple potions.
  1860 | D:3      | Found an iron altar of Okawaru.
  1861 | D:3      | 1861 ||| PLANNING OKAWARU WORSHIP
  1861 | D:3      | 1861 ||| DROPPING potion of degeneration.
  1862 | D:3      | Found a glowing silver altar of Zin.
  1865 | D:3      | Became a worshipper of Warmaster Okawaru
  1866 | D:3      | 1866 ||| PLANNING D:1-11
  1975 | D:3      | Noticed a phantom
  1986 | D:3      | HP: 7/29 [phantom (3)]
  1988 | D:3      | Slain by a phantom

Levels and vault maps discovered:
D:1:      matt_arrival_diagonals, layout_basic, minmay_vboxes
D:2:      layout_basic, minmay_split_cup_large
D:3:      layout_rooms, general_overflow_altar,
          mainiacjoe_overflow_surrounded_room, minitemple,
          ebering_ecumenical_altar_petrified, nrook_uturn,
          minmay_misc_feat_room, minmay_misc_feat_encased,
          kennysheep_small_spiral, kennysheep_generic_room_12

Skill      XL: |  1  2  3  4 |
---------------+-------------+-----
Ranged Weapons | 6 7 8 |  8.5
Fighting       | |  1.5
Dodging        | |  2.4
Stealth        | |  1.2

Action                     |  1- 3 |  4- 6 || total
---------------------------+-------+-------++-------
   Fire: Shortbow          |   106 |    78 ||   184
    Use: Scroll            |     2 |     3 ||     5
         Potion            |     2 |     1 ||     3
 Armour: Leather armour    |     7 |       ||     7
         Scale mail        |    22 |     2 ||    24
         Ring mail         |       |     2 ||     2
  Dodge: Dodged            |    35 |    22 ||    57

Table legend:
 A = Non-vault XP
 B = Vault XP
 C = Vault XP percentage of total XP
 D = Non-vault monster count
 E = Vault monster count
 F = Vault count percentage of total count
                 A         B        C        D         E       F
            +---------+---------+-------+---------+---------+-------
      Total |     178 |      37 |  17.2 |      58 |      14 |  19.4
            +---------+---------+-------+---------+---------+-------
        D:1 |      40 |      14 |  25.9 |      24 |       8 |  25.0
        D:2 |      36 |      19 |  34.5 |      13 |       4 |  23.5
        D:3 |     102 |       4 |   3.8 |      21 |       2 |   8.7
            +---------+---------+-------+---------+---------+-------
